 Dungeon Crawl Stone Soup version 0.23.1-37-gaa34b87b72 (webtiles) character file.

Game seed: 0

18676 Revguard the Carver (level 12, -16/92 HPs)
             Began as a Demonspawn Gladiator on Mar 18, 2019.
             Was a High Priest of Cheibriados.
             Engulfed by a cloud of freezing vapour (29 damage)
             ... in an ice cave on Mar 22, 2019.
             The game lasted 00:43:54 (11419 turns).

Revguard the Carver (Demonspawn Gladiator)         Turns: 11419, Time: 00:43:54

Health: -16/92     AC: 18    Str: 31    XL:     12   Next: 29%
Magic:  21/21      EV: 29    Int: 22    God:    Cheibriados [*****.]
Gold:   651        SH:  0    Dex: 32    Spells: 11/11 levels left

rFire    + + .     SeeInvis .   c - +3 triple sword (slice)
rCold    + . .     Gourm    .   (shield currently unavailable)
rNeg     . . .     Faith    .   z - +0 plate armour
rPois    +         Spirit   .   w - +0 hat
rElec    +         Reflect  .   (no cloak)
rCorr    +         Harm     .   a - +0 pair of fencer's gloves {Riposte Dex+3}
MR       .....     Clarity  +   v - +0 pair of boots
Stlth    ..........             o - amulet of the acrobat
HPRegen  0.25/turn              L - ring of protection from fire
MPRegen  0.17/turn              (no ring)

@: mighty, resistant, acrobat, very slow
A: horns 1, talons 1, icy blue scales 1, clarity, high mp 1, powered by pain 3,
spiny 2, wild magic 1
a: Bend Time, Temporal Distortion, Slouch, Step From Time, Renounce Religion


You were in an ice cave.
You worshipped Cheibriados.
Cheibriados was extremely pleased with you.
You were very hungry.

You visited 2 branches of the dungeon, and saw 13 of its levels.
You also visited: Ice Cave.

You collected 651 gold pieces.

Inventory:

Hand Weapons
 c - a +3 triple sword of slicing (weapon)
Missiles
 d - 4 throwing nets (quivered)
Armour
 a - the +0 pair of fencer's gloves (worn) {Riposte Dex+3}
   (You found it on level 8 of the Dungeon)

   It affects your dexterity (+3).
 v - a +0 pair of boots (worn)
 w - a +0 hat (worn)
 z - a +0 plate armour (worn)
 F - the +3 ring mail "Wiwkob" {rF++}
   (You found it on level 9 of the Dungeon)

   It greatly protects you from fire.
Jewellery
 o - an amulet of the acrobat (around neck)
 u - an uncursed amulet of harm
 y - an uncursed ring of resist corrosion
 K - an uncursed amulet of magic regeneration
 L - a ring of protection from fire (left hand)
Wands
 b - a wand of iceblast (12)
 g - a wand of enslavement (14)
 r - a wand of flame (15)
 s - a wand of paralysis (8)
 E - a wand of polymorph (3)
 I - a wand of disintegration (19)
Scrolls
 h - 2 scrolls of blinking
 i - a scroll of magic mapping
 j - 4 scrolls of teleportation
 k - a scroll of vulnerability {unknown}
 l - 3 scrolls of fear
 p - 2 scrolls of noise
 t - a scroll of immolation
 C - 4 scrolls of remove curse
 G - 2 scrolls of summoning
Potions
 e - 3 potions of agility
 n - 2 potions of magic
 q - a potion of curing
 x - a potion of haste
 A - 3 potions of brilliance
 B - 2 potions of lignification
 D - a potion of cancellation
Miscellaneous
 J - a fan of gales
Comestibles
 f - 22 rations


   Skills:
 + Level 8.1 Fighting
 + Level 12.7 Long Blades
 - Level 1.7 Throwing
 + Level 7.6 Armour
 + Level 5.9 Dodging
 * Level 10.5 Invocations


You had 11 spell levels left.
You didn't know any spells.
Your spell library contained the following spells:

 Spells                   Type           Power        Failure   Level  Hunger
 Sting                    Conj/Pois      #...         85%         1    ##.....
 Poisonous Vapours        Pois/Air       #.....       93%         2    ###....
 Conjure Flame            Conj/Fire      #.......     99%         3    ####...
 Mephitic Cloud           Conj/Pois/Air  #.......     99%         3    ####...
 Olgreb's Toxic Radiance  Pois           #.......     100%        4    #####..
 Venom Bolt               Conj/Pois      #.........   100%        5    ######.
 Freezing Cloud           Conj/Ice/Air   #.........   100%        6    #######
 Ring of Flames           Chrm/Fire      #.........   100%        7    #######


Dungeon Overview and Level Annotations

Branches:
Dungeon (13/15)            Temple (1/1) D:4            Lair (0/6) D:8
    Orc: D:9-12      Vaults: D:13-14

Altars:
Ashenzari
Cheibriados
Dithmenos
Elyvilon
Fedhas
Gozag
Hepliaklqana
Kikubaaqudgha
Makhleb
Nemelex Xobeh
Okawaru
Qazlal
Ru
Sif Muna
Trog
Uskayaw
Vehumet
Wu Jian
Xom
Yredelemnul
Zin
The Shining One

Portals:
Trove: D:13 (give horn of Geryon)


Innate Abilities, Weirdness & Mutations

You have a pair of small horns on your head.
You are partially covered in icy blue scales. (AC +2)
You are powered by pain.
You are mostly covered in sharp spines.
You have sharp toenails.
You possess an exceptional clarity of mind.
You have an increased reservoir of magic. (+10% MP)
Your spells are a little harder to cast, but a little more powerful.


Message History

You are engulfed in freezing vapours.
You resist.
* * * LOW HITPOINT WARNING * * *
The ice devil hits you.
* * * LOW HITPOINT WARNING * * *
The ice devil freezes you. You resist.
* * * LOW HITPOINT WARNING * * *
You slash the ice devil! You headbutt the ice devil!
The ice devil is almost dead.
You are engulfed in freezing vapours.
You resist. The ice devil barely misses you.
You riposte.
You slash the ice devil!
You kill the ice devil!
Cheibriados appreciates the change of pace.
You are engulfed in freezing vapours.
You resist.
* * * LOW HITPOINT WARNING * * *
You are engulfed in freezing vapours.
You resist.
* * * LOW HITPOINT WARNING * * *
You enter the shallow water.
Moving in this stuff is going to be slow.
You are engulfed in freezing vapours.
You resist.
You die...

#### ○.. ##..##
§.. ##.☼..# ☼...
##°○#..## ○..§.
#°§.###.##
..§§.###§.####..#
#..§§§#○§##..#..##
#.§§§§§##.[.##..#
###§§§@##....#..##
#☼§○###....##..#
#§.. ##....#..#
#§○☼ ##.#.##..#
..... #..###...#
...#.. #...##..##
#..##.# #.......#
##. .. #..#...##
##..#..##


There were no monsters in sight!

Vanquished Creatures
  2 centaur warriors (D:13)
  2 two-headed ogres
  The ghost of P0WERM0DE the Chopper, a novice DDFi of Uskayaw (D:9)
  An unseen horror (D:13)
  Pikel (D:5)
  An ugly thing (D:13)
  A cyclops (D:13)
  4 slime creatures (D:13)
  2 ice statues (IceCv)
  2 centaur skeletons (D:13)
  A gargoyle (D:13)
  2 rime drakes (D:12)
  2 kobold demonologists (D:9)
  A komodo dragon (D:8)
  8 ice devils (IceCv)
  A troll (D:12)
  2 hippogriffs
  A meliai zombie (D:13)
  A spriggan (D:8)
  3 wyverns
  3 water elementals (D:13)
  A steam dragon (D:8)
  A wraith (D:12)
  Edmund (D:6)
  2 water moccasins
  6 orc warriors
  4 slaves (D:5)
  3 ice beasts
  A black bear (D:8)
  7 ogres
  A necrophage (D:8)
  3 sky beasts
  4 centaurs
  3 crocodiles (D:8)
  11 big kobolds
  A wyvern zombie (D:13)
  4 bullfrogs
  A wyvern skeleton (D:13)
  2 scorpions (D:6)
  A water moccasin skeleton (D:7)
  8 killer bees
  5 wights (D:6)
  2 electric eels (D:13)
  3 crimson imps
  A bullfrog zombie (D:13)
  A centaur zombie (D:8)
  A quasit (D:12)
  4 hounds
  3 jellies
  8 orc priests
  4 bullfrog skeletons
  An iguana (D:4)
  10 orc wizards
  Ijyb (D:3)
  6 worker ants
  3 hound zombies
  A hound skeleton (D:4)
  Robin (D:3)
  A howler monkey zombie (D:5)
  A worker ant zombie (D:7)
  4 gnolls (D:5)
  11 adders
  2 shadow imps
  4 white imps (IceCv)
  5 ufetubi (IceCv)
  An ooze (D:9)
  3 adder skeletons
  3 worms (D:4)
  4 leopard geckos
  40 orcs
  3 giant cockroaches
  16 goblins
  8 hobgoblins
  4 jackals (D:7)
  4 quokkas
  4 ball pythons
  6 bats
  9 frilled lizards
  A jackal zombie (D:7)
  12 kobolds
  A quokka zombie (D:8)
  9 rats
318 creatures vanquished.

Vanquished Creatures (others)
  A reaper (IceCv)
  5 white imps (IceCv)
  2 ufetubi (IceCv)
  A fungus (D:9)
  3 plants (D:9)
12 creatures vanquished.

Grand Total: 330 creatures vanquished

Notes
Turn   | Place    | Note
-------+----------+-------------------------------------------
     0 | D:1      | Revguard the Demonspawn Gladiator began the quest for the
                  | Orb.
     0 | D:1      | Reached XP level 1. HP: 16/16 MP: 1/1
   209 | D:1      | Gained mutation: You sometimes gain a little power by
                  | taking damage. [demonic ancestry]
   209 | D:1      | Reached XP level 2. HP: 18/22 MP: 2/2
   227 | D:1      | Reached skill level 3 in Long Blades
   973 | D:1      | Gained mutation: You sometimes gain power by taking damage.
                  | [demonic ancestry]
   973 | D:1      | Reached XP level 3. HP: 27/27 MP: 3/3
  1695 | D:3      | Noticed Robin
  1700 | D:3      | Reached skill level 1 in Armour
  1737 | D:3      | Killed Robin
  1737 | D:3      | Reached XP level 4. HP: 30/34 MP: 4/4
  1883 | D:3      | Noticed Ijyb
  2124 | D:3      | Killed Ijyb
  2474 | D:4      | Reached skill level 4 in Long Blades
  2474 | D:4      | Gained mutation: You are partially covered in sharp spines.
                  | [demonic ancestry]
  2474 | D:4      | Reached XP level 5. HP: 39/39 MP: 5/5
  2757 | D:4      | Noticed an ogre
  2767 | D:4      | Killed an ogre
  2767 | D:4      | Gained mutation: You are partially covered in icy blue
                  | scales. (AC +2) [demonic ancestry]
  2767 | D:4      | Reached XP level 6. HP: 12/47 MP: 6/6
  3301 | D:4      | Found a staircase to the Ecumenical Temple.
  3313 | D:4      | Reached skill level 5 in Long Blades
  3332 | Temple   | Entered the Ecumenical Temple
  3412 | Temple   | Became a worshipper of Cheibriados the Contemplative
  3638 | D:5      | Entered Level 5 of the Dungeon
  3653 | D:5      | Noticed a slave
  3655 | D:5      | Noticed a slave
  3655 | D:5      | Noticed a slave
  3655 | D:5      | Noticed a slave
  3655 | D:5      | Noticed Pikel
  3661 | D:5      | Killed a slave
  3683 | D:5      | Killed a slave
  3686 | D:5      | Killed a slave
  3713 | D:5      | Killed a slave
  3720 | D:5      | Reached XP level 7. HP: 13/52 MP: 7/7
  3722 | D:5      | Killed Pikel
  3722 | D:5      | Reached skill level 6 in Long Blades
  4002 | D:5      | Reached XP level 8. HP: 57/60 MP: 8/8
  4065 | D:5      | Upgraded the game from 0.23.1 to 0.23.1-37-gaa34b87b72
  4078 | D:5      | Reached skill level 5 in Dodging
  4287 | D:5      | Reached * piety under Cheibriados
  4318 | D:5      | Reached skill level 1 in Invocations
  5487 | D:6      | Reached skill level 7 in Long Blades
  5489 | D:6      | Reached ** piety under Cheibriados
  5855 | D:6      | Noticed Edmund
  5868 | D:6      | Killed Edmund
  5868 | D:6      | Gained mutation: You are mostly covered in sharp spines.
                  | [demonic ancestry]
  5868 | D:6      | Reached XP level 9. HP: 63/67 MP: 11/11
  5915 | D:6      | Reached skill level 5 in Armour
  5939 | D:6      | Reached skill level 5 in Fighting
  6343 | D:6      | Found a sparkling altar of Nemelex Xobeh.
  6666 | D:7      | Reached *** piety under Cheibriados
  6765 | D:7      | Reached skill level 5 in Invocations
  6777 | D:7      | Gained mutation: You have an increased reservoir of magic.
                  | (+10% MP) [potion of mutation]
  6777 | D:7      | Gained mutation: Your spells are a little harder to cast,
                  | but a little more powerful. [potion of mutation]
  6777 | D:7      | Gained mutation: You have sharp toenails. [potion of
                  | mutation]
  6777 | D:7      | Gained mutation: You possess an exceptional clarity of
                  | mind. [potion of mutation]
  7156 | D:7      | Identified a scroll of acquirement
  7191 | D:8      | Reached skill level 8 in Long Blades
  7374 | D:8      | Reached **** piety under Cheibriados
  7439 | D:8      | Found the +0 pair of fencer's gloves {Riposte Dex+3}
  7486 | D:8      | Gained mutation: You are powered by pain. [demonic
                  | ancestry]
  7486 | D:8      | Reached XP level 10. HP: 71/76 MP: 16/16
  7639 | D:8      | Reached skill level 9 in Long Blades
  7664 | D:8      | Found a staircase to the Lair.
  7882 | D:9      | Got a slimy ring mail
  7886 | D:9      | Identified the +3 ring mail "Wiwkob" {rF++} (You found it
                  | on level 9 of the Dungeon)
  7942 | D:9      | Found a runed translucent gate.
  7943 | D:9      | Found a runed translucent gate.
  7943 | D:9      | Identified the cursed +2 short sword of the Puffball
                  | {drain, rElec Int+4}
  7944 | D:9      | Found a runed translucent gate.
  7952 | D:9      | Noticed P0WERM0DE's ghost (novice DDFi)
  8115 | D:9      | Noticed a two-headed ogre
  8121 | D:9      | Killed a two-headed ogre
  8170 | D:9      | Found a glowing silver altar of Zin.
  8186 | D:9      | Reached skill level 10 in Long Blades
  8852 | D:9      | Killed P0WERM0DE's ghost
  8852 | D:9      | Reached XP level 11. HP: 81/83 MP: 7/18
  8888 | D:10     | Entered Level 10 of the Dungeon
  8901 | D:10     | You fall through a shaft for 3 floors!
  8918 | D:13     | Killed an unseen horror
  9030 | D:13     | Noticed a two-headed ogre
  9034 | D:13     | Killed a two-headed ogre
  9034 | D:13     | Reached skill level 11 in Long Blades
  9040 | D:13     | Noticed a green ugly thing
  9041 | D:13     | HP: 1/84 [very large slime creature (49)]
  9075 | D:13     | Killed a brown ugly thing
  9081 | D:13     | Noticed a centaur warrior
  9086 | D:13     | Killed a centaur warrior
  9626 | D:13     | Noticed a centaur warrior
  9632 | D:13     | Killed a centaur warrior
  9632 | D:13     | Reached skill level 12 in Long Blades
  9647 | D:13     | Found a portal to a secret trove of treasure.
 10291 | D:12     | Reached skill level 10 in Invocations
 10291 | D:12     | Gained mutation: You have a pair of small horns on your
                  | head. [demonic ancestry]
 10291 | D:12     | Reached XP level 12. HP: 64/92 MP: 21/21
 10355 | D:12     | Found a frozen archway.
 10364 | IceCv    | Entered an ice cave
 10476 | IceCv    | Killed a reaper
 11001 | IceCv    | Identified a +1 pair of boots of running (You found it in
                  | an ice cave)
 11071 | IceCv    | Reached ***** piety under Cheibriados
 11419 | IceCv    | Engulfed by a cloud of freezing vapour

Skill      XL: |  1  2  3  4  5  6  7  8  9 10 11 12 |
---------------+-------------------------------------+-----
Long Blades    | 3 4 5 6 7 8 10 12 | 12.7
Dodging        | 3 4 5 |  5.9
Armour         | 1 2 3 4 6 7 |  7.6
Fighting       | 3 4 5 6 7 8 |  8.1
Invocations    | 3 6 8 10 | 10.5
Throwing       | |  1.7

Action                   |  1- 3 |  4- 6 |  7- 9 | 10-12 || total
-------------------------+-------+-------+-------+-------++-------
Melee: Long sword        |   103 |    58 |   205 |       ||   366
       Triple sword      |       |       |    27 |   166 ||   193
       Headbutt          |       |       |       |    35 ||    35
Invok: Bend Time         |       |       |     1 |     1 ||     2
       Slouch            |       |       |       |     5 ||     5
  Use: Potion            |     7 |     4 |     4 |     7 ||    22
       Scroll            |       |     8 |     2 |     6 ||    16
 Stab: Sleeping          |     3 |       |       |       ||     3
       Invisible         |       |       |       |     8 ||     8
  Eat: Chunk             |     3 |     6 |     7 |     7 ||    23
Armor: Leather armour    |    22 |       |       |       ||    22
       Scale mail        |    17 |    75 |    31 |       ||   123
       Chain mail        |       |       |    23 |       ||    23
       Plate armour      |       |       |    52 |    54 ||   106
       Fire dragon scale |       |       |       |    31 ||    31
Dodge: Dodged            |   200 |   452 |   238 |   195 ||  1085
       Rpst.: Long sword |    68 |   129 |    54 |       ||   251
       Triple sword      |       |       |     9 |    97 ||   106
